[Event "Titled Tuesday Blitz November 07 Early 2023"]
[White "abelmat"]
[Black "Smirnov, Timofey"]
[BlackFideId "24176427"]
[WhiteElo "1968"]
[BlackElo "2173"]
[Result "1-0"]
[Round "11"]
[TimeControl "180+1"]
[Date "2023.11.07"]
[WhiteClock "0:00:52"]
[BlackClock "0:00:00"]
[Board "132"]

1. d4 d5 2. c4 c6 3. Nf3 Nf6 4. Nc3 e6 5. e3 a6 6. cxd5 exd5 7. Bd3 Bd6 8. O-O O-O 9. a3 Bg4 10. b4 Nbd7 11. Bb2 Re8 12. Na4 Ne4 13. Nc5 Ndxc5 14. dxc5 Bc7 15. Be2 Bxf3 16. Bxf3 Be5 17. Bd4 Bxd4 18. exd4 Ng5 19. Qd3 Ne4 20. Rfe1 f5 21. Bh5 g6 22. Bd1 Qg5 23. Bf3 Re7 24. Bxe4 Rxe4 25. f3 Ree8 26. Re5 Rxe5 27. dxe5 Re8 28. Re1 Qf4 29. e6 Qc4 30. Qe3 Re7 31. Qe5 1-0


[Site "https://www.chess.com"]

[Event "Titled Tuesday Blitz November 07 Early 2023"]
[White "Chxss_Khxsbu"]
[Black "DonCiao"]
[WhiteElo "1870"]
[BlackElo "2130"]
[Result "0-1"]
[Round "11"]
[TimeControl "180+1"]
[Date "2023.11.07"]
[WhiteClock "0:00:00"]
[BlackClock "0:01:09"]
[Board "133"]

1. d4 Nf6 2. c4 g6 3. Nc3 d5 4. e3 Bg7 5. Nf3 O-O 6. Bd3 c5 7. O-O cxd4 8. exd4 Nc6 9. Be3 dxc4 10. Bxc4 Na5 11. Be2 Be6 12. d5 Nxd5 13. Bd4 Nxc3 14. bxc3 Bc4 15. Re1 Bxe2 16. Qxe2 e6 17. Rad1 Bxd4 18. Nxd4 Qb6 19. Qe5 Nc6 20. Nxc6 Qxc6 21. Rd6 Qc4 22. Red1 Rac8 23. R6d3 Qxa2 24. h3 Qc4 25. Rd7 Qxc3 26. Qxc3 Rxc3 27. Rxb7 a5 28. Ra7 Rc5 29. Ra1 Rfc8 30. R7xa5 Rxa5 0-1


[Site "https://www.chess.com"]

[Event "Titled Tuesday Blitz November 07 Early 2023"]
[White "Petersson, Kjell"]
[Black "Mohammadian,Mohammad"]
[WhiteFideId "1705148"]
[BlackFideId "12566055"]
[WhiteElo "2131"]
[BlackElo "1898"]
[Result "1-0"]
[Round "11"]
[TimeControl "180+1"]
[Date "2023.11.07"]
[WhiteClock "0:00:34"]
[BlackClock "0:00:56"]
[Board "134"]

1. d4 Nf6 2. Bf4 g6 3. Nc3 d5 4. e3 c6 5. Qd2 Bg7 6. f3 Bf5 7. g4 Bd7 8. h4 h5 9. g5 Ng8 10. Be5 Bxe5 11. dxe5 Bf5 12. O-O-O Qa5 13. Kb1 e6 14. e4 dxe4 15. fxe4 Bg4 16. Be2 Bxe2 17. Ngxe2 Ne7 18. Rhf1 O-O 19. Nd5 Qxd2 20. Nxe7+ Kg7 21. Rxd2 Na6 22. Rfd1 Rfe8 23. Rd7 Nc5 24. Rc7 Nxe4 25. Nf4 Rad8 26. Rxd8 Rxd8 27. Nxe6+ fxe6 28. Nxc6+ Kf8 29. Nxd8 Nd2+ 30. Kc1 Nf3 31. Nxe6+ Ke8 32. Ng7+ Kd8 33. Rxb7 Nxh4 34. e6 Nf5 35. Nxf5 gxf5 36. e7+ Ke8 37. g6 h4 38. g7 Kf7 39. e8=Q+ Kxe8 40. g8=Q# 1-0


[Site "https://www.chess.com"]

[Event "Titled Tuesday Blitz November 07 Early 2023"]
[White "Fernandez Hernandez, Gerardo"]
[Black "Gyulamiryan-koryun"]
[WhiteFideId "2207400"]
[WhiteElo "2120"]
[BlackElo "1877"]
[Result "1-0"]
[Round "11"]
[TimeControl "180+1"]
[Date "2023.11.07"]
[WhiteClock "0:00:09"]
[BlackClock "0:00:35"]
[Board "135"]

1. e4 e5 2. Nf3 Nc6 3. d4 exd4 4. Bc4 Nf6 5. e5 d5 6. Bb5 Ne4 7. Nxd4 Bd7 8. Bxc6 bxc6 9. O-O Bc5 10. Be3 Bb6 11. f3 Ng5 12. f4 Ne4 13. Nd2 Nxd2 14. Qxd2 c5 15. Nf3 d4 16. Bf2 Bc6 17. Bh4 Qd7 18. Rae1 O-O 19. Ng5 Qg4 20. Bg3 h6 21. Ne4 c4 22. Kh1 Rad8 23. c3 d3 24. Nf2 Bxf2 25. Rxf2 h5 26. f5 h4 27. Rf4 Qg5 28. Bxh4 Bxg2+ 29. Kg1 Qh6 30. Bxd8 Rxd8 31. Kxg2 Qc6+ 32. Kg1 Qb5 33. Rg4 Qc5+ 34. Kh1 Qd5+ 35. Rg2 Re8 36. Rg1 Rxe5 37. f6 Rg5 38. Qxg5 g6 39. Qxd5 Kh7 40. Qxf7+ 1-0